 Dungeon Crawl Stone Soup version 0.28-a0-178-ga708605c5b (webtiles) character file.

Game seed: 15570077499253993401

9696 lunkers the Thaumaturge (level 11, -6/85 HPs)
             Began as a Djinni Earth Elementalist on Aug 17, 2021.
             Was an Initiate of Gozag.
             Mangled by an eight-headed hydra (15 damage)
             ... on level 11 of the Dungeon.
             The game lasted 00:23:08 (14623 turns).

lunkers the Thaumaturge (DjEE)                     Turns: 14623, Time: 00:23:08

Health: -6/85      AC:  5    Str: 12    XL:     11   Next: 79%
Gold:   1488       EV: 11    Int: 23    God:    Gozag SH:  5 Dex: 21

rFire   + + .      SeeInvis .   S - +4 long sword of Ciwualoe {antimagic, Will++ Str+5}
rCold   . . .      Faith    .   Q - +1 buckler of the Morning Star {rN+ Int+4}
rNeg    + . .      Spirit   .   x - +0 leather armour {rC+}
rPois   ∞          Reflect  .   h - +0 helmet
rElec   .          Harm     .   G - +0 cloak
rCorr   .          Rampage  .   (no gloves)
Will    ++++.                   (boots unavailable)
Stlth   ++........              (no amulet)
HPRegen 0.24/turn               i - ring of willpower
MPRegen 0.00/turn               I - +6 ring of dexterity

@: flying, studying Short Blades
A: sickness immunity, fire resistance 2, cold vulnerability 1, float, innate
caster, hp casting, extra vitality 1
a: Renounce Religion, Potion Petition, Call Merchant, Bribe Branch


You were on level 11 of the Dungeon.
You worshipped Gozag.
Gozag was most pleased with you.
You visited 2 branches of the dungeon, and saw 12 of its levels.
You also visited: Ossuary.

You collected 1563 gold pieces.
You paid 75 gold pieces to Gozag.

Inventory:

Hand Weapons
 a - a +0 dagger of draining
 F - a +1 short sword of electrocution
 H - a +1 morningstar of pain
 S - the +4 long sword of Ciwualoe (weapon) {antimagic, Will++ Str+5}
   (You found it on level 9 of the Dungeon)

   It reduces the magical energy of the wielder, and disrupts the spells and
   magical abilities of those it strikes.
   Natural abilities and divine invocations are not affected.
   Str:       It affects your strength (+5).
   Will:      It greatly increases your willpower.
Missiles
 c - 412 stones
 j - 3 throwing nets
Armour
 h - a +0 helmet (worn)
 x - a +0 leather armour of cold resistance (worn)
 G - a +0 cloak (worn)
 L - a +3 leather armour
 M - a +0 kite shield
 Q - the +1 buckler of the Morning Star (worn) {rN+ Int+4}
   (You found it on level 9 of the Dungeon)

   Int:       It affects your intelligence (+4).
   rN:        It protects you from negative energy.
Magical Staves
 r - a staff of air
Jewellery
 i - a ring of willpower (left hand)
 s - a +6 ring of dexterity
 I - a +6 ring of dexterity (right hand)
Wands
 w - a wand of charming (15)
 E - a wand of paralysis (6)
 O - a wand of polymorph (7)
Scrolls
 d - 3 scrolls of fear {unknown}
 f - 9 scrolls of amnesia {unknown}
 g - 3 scrolls of holy word {unknown}
 k - a scroll of silence {unknown}
 l - 4 scrolls of identify {unknown}
 p - 5 scrolls of vulnerability {unknown}
 q - 2 scrolls of immolation {unknown}
 u - 3 scrolls of magic mapping {unknown}
 y - 4 scrolls of teleportation {unknown}
 z - 2 scrolls of noise {unknown}
 A - 5 scrolls of enchant weapon {unknown}
 C - a scroll of acquirement {unknown}
 K - a scroll of enchant armour {unknown}
 T - a scroll of fog {unknown}
Potions
 b - a potion of heal wounds {unknown}
 e - 6 potions of curing {unknown}
 m - a potion of mutation {unknown}
 n - 2 potions of haste {unknown}
 o - 2 potions of berserk rage {unknown}
 t - 2 potions of invisibility {unknown}
 B - 2 potions of flight {unknown}
 D - a potion of cancellation {unknown}
 J - a potion of lignification {unknown}
 N - a potion of resistance {unknown}
 P - 2 potions of ambrosia {unknown}
Miscellaneous
 R - a box of beasts


   Skills:
 + Level 10.2 Fighting
 - Level 2.1 Dodging
 - Level 1.5 Stealth
 * Level 11.3 Spellcasting


You had 9 spell levels left.
You knew the following spells:

 Your Spells              Type           Power      Damage    Failure   Level
a - Stone Arrow           Conj/Erth      100%       3d13      1%          3
b - Passwall              Tmut/Erth      50%        N/A       1%          2
c - Sandblast             Erth           100%       2d20      1%          1
d - Petrify               Tmut/Erth      60%        N/A       1%          4
e - Apportation           Tloc           100%       N/A       1%          1
f - Slow                  Hex            60%        N/A       1%          2
g - Inner Flame           Hex/Fire       60%        N/A       1%          3
h - Lesser Beckoning      Tloc           30%        N/A       1%          3
i - Summon Ice Beast      Ice/Summ       60%        N/A       1%          4
Your spell library was empty.

Dungeon Overview and Level Annotations

Branches:
Dungeon (11/15)            Temple (1/1) D:6            Lair (0/6) D:8
    Orc (0/2) D:10        Ossuary (visited)

Altars:
Ashenzari
Cheibriados
Dithmenos
Elyvilon
Fedhas
Gozag
Hepliaklqana
Kikubaaqudgha
Makhleb
Nemelex Xobeh
Okawaru
Qazlal
Ru
Sif Muna
Trog
Uskayaw
Vehumet
Wu Jian
Xom
Yredelemnul
Zin
The Shining One

Shops:
D:4 ?   D:7 *


Innate Abilities, Weirdness & Mutations

You are immune to sickness and miasma.
You are immune to poison.
Your flesh is very heat resistant. (rF++)
You are vulnerable to cold. (rC-)
You float through the air rather than walking.
You learn spells naturally, not from books.
Your magical power is your life essence.
You have superior vitality. (+4 HP)


Message History

The eight-headed hydra bites you!
* * * LOW HITPOINT WARNING * * *
The eight-headed hydra misses you.
The eight-headed hydra bites you but does no damage.
You block the eight-headed hydra's attack.
The eight-headed hydra bites you but does no damage.
The eight-headed hydra misses you.
The eight-headed hydra barely misses you.
Casting: Stone Arrow (safe; 1% risk of failure)
Confirm with . or Enter, or press ? or * to list all spells.
Aiming: Stone Arrow (safe; 1% risk of failure)
Press: ? - help, Shift-Dir - straight line, f/p - eight-headed hydra
Aim: an eight-headed hydra (heavily wounded, 92% to hit)
The stone arrow hits the eight-headed hydra!!
The eight-headed hydra is severely wounded.
* * * LOW HITPOINT WARNING * * *
You block the eight-headed hydra's attack.
The eight-headed hydra barely misses you. x4
The eight-headed hydra closely misses you.
The eight-headed hydra bites you.
* * * LOW HITPOINT WARNING * * *
The eight-headed hydra bites you but does no damage.
Unknown command.
Unknown command.
Casting: Stone Arrow (safe; 1% risk of failure)
Confirm with . or Enter, or press ? or * to list all spells.
Aiming: Stone Arrow (safe; 1% risk of failure)
Press: ? - help, Shift-Dir - straight line, f/p - eight-headed hydra
Aim: an eight-headed hydra (severely wounded, 92% to hit)
The stone arrow hits the eight-headed hydra!
The eight-headed hydra is almost dead.
* * * LOW HITPOINT WARNING * * *
The eight-headed hydra misses you.
You block the eight-headed hydra's attack.
The eight-headed hydra barely misses you.
The eight-headed hydra bites you!
* * * LOW HITPOINT WARNING * * *
The eight-headed hydra bites you!
You die...
Your body crumbles into a pile of gold.

######## #......#
##########
'......####........#
#......##.'........#
#......##.#........#
#......#..#........#
#......'.##........#####.#
#......####.....@D.'.....#
####'### #........#######
#.# #........# ##.#
##+####### #..# #.##
###.### ......# ......#


You could see an eight-headed hydra.

Vanquished Creatures
  A flayed ghost (D:9)
  Pikel (D:5)
  An ugly thing (D:10)
  An elephant (D:8)
  Maurice (D:8)
  Joseph (D:7)
  A gargoyle (D:10)
  A kobold demonologist (D:7)
  3 hornets
  Prince Ribbit (D:7)
  A shadow (D:9)
  A redback (D:9)
  A wraith (Ossuary)
  3 yaks
  5 steam dragons
  A vampire mosquito (D:9)
  An acid dragon (D:10)
  4 water moccasins
  2 black bears (D:8)
  2 ice beasts
  5 orc warriors
  4 ogres
  4 centaurs
  4 lemures
  A phantom (D:6)
  3 kobold brigands
  2 bullfrogs (D:9)
  A gnoll sergeant (D:9)
  2 scorpions
  7 killer bees
  6 centaur zombies
  A gnoll shaman (D:9)
  4 orc priests
  A hound (D:5)
  A jelly (D:7)
  2 iguanas (D:6)
  Ijyb (D:5)
  5 orc wizards
  A killer bee zombie (D:6)
  9 howler monkey zombies
  A mummy (Ossuary)
  Robin (D:2)
  4 gnolls (D:4)
  5 adders
  A white imp (D:6)
  An ufetubus (D:7)
  A worm (D:2)
  36 orcs
  7 bats
  9 endoplasms
  4 giant cockroaches
  10 hobgoblins
  4 jackals (D:5)
  2 quokkas
  7 ball pythons
  4 frilled lizards
  5 gnoll skeletons (Ossuary)
  10 goblins
  22 kobolds
  7 kobold skeletons (Ossuary)
  13 orc skeletons (Ossuary)
  5 rats
256 creatures vanquished.

Vanquished Creatures (others)
  2 fungi (D:8)
2 creatures vanquished.

Grand Total: 258 creatures vanquished

Notes
Turn   | Place    | Note
-------+----------+-------------------------------------------
     0 | D:1      | lunkers the Djinni Earth Elementalist began the quest for
                  | the Orb.
     0 | D:1      | Reached XP level 1. HP: 15/15 MP: 0/0
     2 | D:1      | Noticed a merfolk
     4 | D:1      | Noticed a demonspawn
     4 | D:1      | Noticed a minotaur
     7 | D:1      | Noticed a barachi
     7 | D:1      | Noticed a gargoyle
     9 | D:1      | Noticed a vampire
     9 | D:1      | Noticed a palentonga
    11 | D:1      | Noticed a formicid
    11 | D:1      | Noticed a demigod
    13 | D:1      | Noticed a naga
    13 | D:1      | Noticed a vine stalker
    15 | D:1      | Noticed an elf
    17 | D:1      | Noticed an ogre
    19 | D:1      | Noticed a felid
    19 | D:1      | Noticed a dwarf
    21 | D:1      | Noticed a ghoul
    21 | D:1      | Noticed a troll
    23 | D:1      | Noticed a human
    23 | D:1      | Noticed an octopode
    25 | D:1      | Noticed a spriggan
    25 | D:1      | Noticed a draconian
    27 | D:1      | Noticed a tengu
    27 | D:1      | Noticed a djinni
   318 | D:1      | Reached XP level 2. HP: 19/22 MP: 0/0
   579 | D:1      | Reached skill level 1 in Fighting
   802 | D:1      | Reached XP level 3. HP: 20/27 MP: 0/0
   802 | D:1      | Learned a level 1 spell: Apportation
   906 | D:1      | Reached skill level 3 in Spellcasting
  1474 | D:2      | Noticed Robin
  1493 | D:2      | Killed Robin
  1494 | D:2      | Reached XP level 4. HP: 9/32 MP: 0/0
  1760 | D:2      | Found a faded altar of an unknown god.
  3131 | D:3      | Found a shimmering altar of Xom.
  3192 | D:3      | Reached XP level 5. HP: 20/38 MP: 0/0
  3192 | D:3      | Learned a level 2 spell: Slow
  3630 | D:4      | Found Ynleoh's Magic Scroll Shoppe.
  3718 | D:4      | Found an ornate altar of the Wu Jian Council.
  3793 | D:4      | Reached skill level 4 in Spellcasting
  4204 | D:4      | Reached XP level 6. HP: 22/45 MP: 0/0
  4836 | D:5      | Entered Level 5 of the Dungeon
  4867 | D:5      | Noticed Pikel
  5334 | D:5      | Killed Pikel
  5335 | D:5      | Reached skill level 5 in Spellcasting
  5335 | D:5      | Reached XP level 7. HP: 40/53 MP: 0/0
  5335 | D:5      | Learned a level 3 spell: Inner Flame
  5374 | D:5      | Reached XP level 8. HP: 44/58 MP: 0/0
  5458 | D:5      | Reached skill level 6 in Spellcasting
  5477 | D:5      | Noticed Ijyb
  5484 | D:5      | Killed Ijyb
  5742 | D:5      | Reached skill level 5 in Fighting
  6777 | D:6      | Found a staircase to the Ecumenical Temple.
  6785 | D:6      | Found a hazy altar of Hepliaklqana.
  6813 | Temple   | Entered the Ecumenical Temple
  7005 | Temple   | Became a worshipper of Gozag Ym Sagoz the Greedy
  7065 | D:6      | Reached skill level 7 in Spellcasting
  7066 | D:6      | Reached XP level 9. HP: 37/66 MP: 0/0
  7066 | D:6      | Learned a level 3 spell: Lesser Beckoning
  7868 | D:7      | Found Eniptaiw's General Store.
  7919 | D:7      | Noticed Prince Ribbit
  7927 | D:7      | Killed Prince Ribbit
  7938 | D:7      | Noticed Joseph
  7942 | D:7      | Killed Joseph
  7943 | D:7      | Reached skill level 8 in Spellcasting
  7991 | D:7      | Noticed a kobold demonologist
  7996 | D:7      | Killed a kobold demonologist
  8005 | D:7      | Found a sand-covered staircase.
  8022 | Ossuary  | Entered an ossuary
  8734 | D:7      | Noticed a hornet
  8738 | D:7      | Killed a hornet
  8739 | D:7      | Reached XP level 10. HP: 42/75 MP: 0/0
  9375 | D:8      | Noticed Maurice
  9383 | D:8      | Killed Maurice
  9384 | D:8      | Reached skill level 9 in Spellcasting
 10063 | D:8      | Found a staircase to the Lair.
 10063 | D:8      | Noticed an elephant
 10070 | D:8      | Killed an elephant
 10618 | D:9      | Reached skill level 10 in Spellcasting
 10970 | D:9      | Reached XP level 11. HP: 74/84 MP: 0/0
 10970 | D:9      | Learned a level 4 spell: Summon Ice Beast
 11168 | D:9      | Found a white marble altar of Elyvilon.
 11827 | D:9      | Noticed a flayed ghost
 11832 | D:9      | Killed a flayed ghost
 11838 | D:9      | Identified the +4 long sword of Ciwualoe {antimagic, Will++
                  | Str+5}
 11840 | D:9      | Identified the +1 buckler of the Morning Star {rN+ Int+4}
 12697 | D:10     | Entered Level 10 of the Dungeon
 12819 | D:10     | Found a staircase to the Orcish Mines.
 12840 | D:10     | Reached skill level 11 in Spellcasting
 13467 | D:10     | Reached skill level 10 in Fighting
 13631 | D:10     | Noticed a green ugly thing
 13640 | D:10     | Killed a green ugly thing
 14616 | D:11     | Noticed an eight-headed hydra
 14623 | D:11     | Mangled by an eight-headed hydra

Illustrated notes

Levels and vault maps discovered:
D:1:      kb_arrival_jail, layout_loops_ring, minmay_tripent
D:2:      layout_loops_ring, shapermc_ecumenical_altar_flowoftime, minivault_25,
          minmay_3d_cube, uniq_robin
D:3:      layout_rooms, mainiacjoe_overflow_catwalk
D:4:      layout_loops_ring, mainiacjoe_overflow_six_doors_small, serial_shops,
          shop
D:5:      layout_loops_cross, uniq_ijyb, uniq_pikel
D:6:      layout_loops_ring, minitemple, minmay_temple_entry_butterflies,
          minmay_misc_feat_pillars, minmay_misc_feat_more_columns
D:7:      minmay_angry_zag, layout_rooms, serial_shops, nicolae_shop_waterfront,
          nicolae_ossuary_entry_ruins, chequers_serial_rivers_marsh,
          uniq_prince_ribbit1, uniq_joseph
D:8:      layout_cave_pools, david_lair_generic, kennysheep_generic_room_3,
          uniq_maurice
D:9:      minmay_the_grid_4x2 [minmay_the_grid_doors, minmay_the_grid_all_tris,
          minmay_the_grid_gridbox, minmay_the_grid_outer_diamond,
          minmay_the_grid_broken_lines, minmay_the_grid_slots,
          minmay_the_grid_diamond_grid, minmay_the_grid_prize_diamond_cup],
          layout_rooms, elyvilon_altar_5
D:10:     layout_grid_maze, david_orc_2
D:11:     layout_roguey, uniq_snorg
Temple:   eino_temple_scatter_basement

Skill      XL: |  1  2  3  4  5  6  7  8  9 10 11 |
---------------+----------------------------------+-----
Fighting       | 1 2 4 5 7 9 10 | 10.2
Spellcasting   | 3 4 5 7 8 10 11 | 11.3
Dodging        | |  2.1
Stealth        | |  1.5

Action                   |  1- 3 |  4- 6 |  7- 9 | 10-12 || total
-------------------------+-------+-------+-------+-------++-------
Melee: Short sword       |       |       |       |     1 ||     1
 Cast: Sandblast         |    54 |    28 |       |       ||    82
       Stone Arrow       |       |    64 |   108 |   206 ||   378
Armor: Robe              |     3 |     4 |       |       ||     7
       Leather armour    |       |       |     3 |    15 ||    18
Dodge: Dodged            |    10 |    11 |    12 |    33 ||    66
Block: Kite shield       |       |       |       |     7 ||     7
       Buckler           |       |       |       |    11 ||    11
       Rpst.: Long sword |       |       |       |     2 ||     2

Table legend: (Time is in decaauts)
 A = Elapsed time spent in this place.
 B = Non-inter-level travel time spent in this place.
 C = Inter-level travel time spent in this place.
 D = Time resting spent in this place.
 E = Time spent auto-exploring this place.
 F = Levels seen in this place.
 G = Mean time per level.
                   A        B        C        D        E       F      G
               +--------+--------+--------+--------+--------+-----+--------+
         Total |  14632 |  14157 |    475 |   1233 |  11318 |  13 | 1125.5 |
       Dungeon |  13752 |  13289 |    463 |   1233 |  10544 |  11 | 1250.2 |
        Temple |    205 |    193 |     12 |      0 |    164 |   1 |  205.0 |
       Ossuary |    673 |    673 |      0 |      0 |    610 |   1 |  673.0 |
               +--------+--------+--------+--------+--------+-----+--------+

Top non-repeatable levels by time:
     D:9: 2167 daAuts
     D:4: 1730 daAuts
    D:10: 1535 daAuts
     D:1: 1375 daAuts
     D:5: 1362 daAuts
     D:2: 1187 daAuts
     D:6: 1176 daAuts
     D:8: 1041 daAuts
     D:3: 1014 daAuts
     D:7: 1007 daAuts
 Ossuary: 673 daAuts
  Temple: 205 daAuts
    D:11: 154 daAuts
